 Dungeon Crawl Stone Soup version 0.29.0-11-gd7f09526c8 (webtiles) character file.

Game seed: 11434718184303994103

4 ILmort the Shooter (level 1, 0/12 HPs)
             Began as a Gargoyle Hunter on Sept 6, 2022.
             Slain by a goblin
             ... wielding a +0 club
              (2 damage)
             ... on level 1 of the Dungeon.
             The game lasted 00:00:58 (63 turns).

ILmort the Shooter (Gargoyle Hunter)                  Turns: 63, Time: 00:00:58

Health: 0/12       AC:  5    Str: 14    XL:     1   Next: 60%
Magic:  1/1        EV: 11    Int:  9    God:
Gold:   0          SH:  0    Dex: 13    Spells: 0/0 levels left

rFire   . . .      SeeInvis .   a - +0 shortbow
rCold   . . .      Faith    .   (shield currently unavailable)
rNeg    + . .      Spirit   .   c - +0 leather armour
rPois   ∞          Reflect  .   (no helmet)
rElec   +          Harm     .   (no cloak)
rCorr   .          Rampage  .   (no gloves)
Will    .....                   (no boots)
Stlth   +.........              (no amulet)
HPRegen 0.04/turn               (no ring)
MPRegen 0.07/turn               (no ring)

@: no status effects
A: sickness immunity, AC +2, negative energy resistance 1, electricity
resistance, torment resistance 1, petrification resistance
a: no special abilities


You were on level 1 of the Dungeon.
You visited 1 branch of the dungeon, and saw 1 of its levels.

Inventory:

Hand Weapons
 a - a +0 shortbow (weapon)
Armour
 c - a +0 leather armour (worn)
Scrolls
 b - a scroll of immolation


   Skills:
 - Level 2.1 Fighting
 * Level 4.2 Ranged Weapons
 - Level 1.5 Dodging
 - Level 1.1 Stealth


You couldn't memorise any spells.
You didn't know any spells.
Your spell library was empty.

Dungeon Overview and Level Annotations

Branches:
Dungeon (1/15)

Altars:


Innate Abilities, Weirdness & Mutations

You are immune to sickness and miasma.
Your stone body is resilient. (AC +2)
You are immune to poison.
You resist negative energy. (rN+)
You are resistant to electric shocks. (rElec)
You are resistant to unholy torment.
You are immune to petrification.


Message History

The arrow hits the goblin.
You kill the goblin!
The goblin misses you.
You shoot an arrow. The arrow hits the goblin.
The goblin hits you with a +0 club. The goblin barely misses you.
You are too injured to fight recklessly!
You are too injured to fight recklessly!
You are too injured to fight recklessly!
You are too injured to fight recklessly!
You are too injured to fight recklessly!
You are too injured to fight recklessly!
You are too injured to fight recklessly!
Really attack while wielding your +0 shortbow? [Y]es or [N]o only, please.
Really attack while wielding your +0 shortbow?
You barely miss the goblin. The goblin hits you but does no damage.
You clumsily bash the goblin but do no damage.
The goblin hits you with a +0 club. The goblin barely misses you.
Okay, then.
You clumsily bash the goblin but do no damage.
The goblin hits you but does no damage.
You closely miss the goblin. The goblin closely misses you.
The goblin hits you but does no damage.
You clumsily bash the goblin but do no damage.
The goblin misses you.
You miss the goblin.
The goblin hits you but does no damage. x2
You barely miss the goblin. The goblin closely misses you.
You closely miss the goblin. The goblin hits you with a +0 club.
The goblin barely misses you.
You clumsily bash the goblin but do no damage.
The goblin hits you with a +0 club.
You closely miss the goblin. The goblin hits you but does no damage.
The goblin barely misses you.
You barely miss the goblin. The goblin hits you with a +0 club.
* * * LOW HITPOINT WARNING * * *
You barely miss the goblin. The goblin barely misses you.
The goblin closely misses you.
You clumsily bash the goblin but do no damage.
The goblin hits you with a +0 club.
You die...

#..#'##.(.#
#....##...# ..
#.##......## ...
#.#####....+...#
..# #....#...##
####
####........
#.......###.
#.......#
#..@....#
#.g..)..#
#.......#
.....#.###
.!).....†#
.........###
.........#
.........#
.........#


You could see a goblin.

Vanquished Creatures
  An endoplasm (D:1)
  A goblin (D:1)
  A hobgoblin (D:1)
3 creatures vanquished.

Notes
Turn   | Place    | Note
-------+----------+-------------------------------------------
     0 | D:1      | ILmort the Gargoyle Hunter began the quest for the Orb.
     0 | D:1      | Reached XP level 1. HP: 12/12 MP: 1/1
    63 | D:1      | Slain by a goblin

Illustrated notes

Levels and vault maps discovered:
D:1:      minmay_arrival_doors, layout_basic, ebering_ecumenical_altar_box,
          nicolae_titane

Action                   || total
-------------------------++-------
Melee: Shortbow          ||    13
 Fire: Shortbow          ||     6
Armor: Leather armour    ||     6
Dodge: Dodged            ||    10
